Map: Odyssey LE

Players

Winthrowe

  • Race: Terran Terran
  • League: Silver
  • Spawn Location: 11:00

A.I. 1 (Medium) - Winner!

  • Race: Protoss Protoss
  • Spawn Location: 5:00

VOD

Have the link to the VOD?

Description

Time

  • Played on: Aug. 20, 2017, 8:38 p.m.
  • Length: 7:34
Show
View Real Time Build Order
Export as new Build Order

Winthrowe Terran 

Build Orders: MMM Bio 

Get SALT Encoding   

  12  0:01  SCV  
  13  0:13  SCV  
  14  0:19  Supply Depot  
  14  0:25  SCV  
  15  0:42  Refinery  
  15  0:45  Barracks  
  15  0:47  SCV  
  16  1:00  SCV  
  17  1:13  SCV  
  18  1:25  SCV  
  19  1:32  Marine  
  19  1:33  Supply Depot  
  19  1:37  SCV  
  21  1:48  Barracks  
  21  1:49  SCV  
  21  1:52  Marine  
  24  2:01  SCV  
  24  2:05  Factory  
  24  2:13  SCV  
  25  2:26  Orbital Command  
  25  2:29  Marine  
  25  2:36  Marine  
  27  2:40  Refinery  
  27  2:48  Barracks Tech Lab  
  27  2:52  Supply Depot  
  27  2:53  SCV  
  28  3:09  SCV  
  29  3:15  Command Center, Marauder  
  29  3:16  Marine  
  32  3:22  Stimpack  
  32  3:35  Barracks Tech Lab  
  32  3:39  Cyclone  
  35  3:44  Marine  
  36  3:53  SCV  
  37  3:55  Marine  
  37  3:59  Combat Shields  
  37  4:01  Marine  
  39  4:11  Factory Reactor  
  39  4:17  Supply Depot  
  39  4:26  Marine x2, SCV  
  42  4:34  Starport  
  42  4:38  SCV  
  42  4:39  Supply Depot  
  42  4:44  Marine  
  44  4:49  SCV  
  44  4:50  SCV  
  46  5:01  SCV  
  46  5:03  SCV  
  48  5:07  Engineering Bay  
  48  5:11  Engineering Bay  
  48  5:12  Marauder  
  48  5:13  Marine, SCV  
  52  5:15  SCV  
  53  5:23  Concussive Shells  
  53  5:31  Marine  
  54  5:44  Medivac x2  
  58  5:52  Marine x2  
  60  6:06  SCV x2  
  60  6:10  Marine x2  
  64  6:16  Supply Depot  
  64  6:21  Medivac x2  
  68  6:28  Marine  
  70  6:38  Supply Depot  
  69  6:52  Barracks Reactor  
  69  6:55  Siege Tank  
  72  7:04  Armory  
  72  7:07  SCV  
  72  7:08  SCV  
  74  7:14  Refinery  
  74  7:17  Refinery  
  74  7:20  SCV x2  
Show
View Real Time Build Order
Export as new Build Order

A.I. 1 (Medium) Protoss - Winner!

Build Orders:  

Get SALT Encoding   

  12  0:01  Probe (Chrono Boost)  
  13  0:11  Probe (Chrono Boost)  
  14  0:20  Pylon  
  14  0:22  Probe (Chrono Boost)  
  15  0:38  Probe (Chrono Boost)  
  16  0:47  Assimilator  
  16  0:48  Probe (Chrono Boost)  
  17  0:50  Gateway  
  17  0:59  Probe (Chrono Boost)  
  17  1:01  Pylon  
  18  1:26  Gateway  
  18  1:32  Assimilator  
  18  1:41  Cybernetics Core  
  18  1:42  Zealot  
  20  2:03  Pylon  
  20  2:10  Warp Gate  
  20  2:16  Adept  
  22  2:36  Zealot  
  24  2:50  Pylon  
  24  2:54  Adept  
  26  3:11  Probe (Chrono Boost)  
  27  3:12  Adept  
  29  3:23  Probe (Chrono Boost)  
  30  3:31  Adept, Pylon  
  33  3:34  Probe (Chrono Boost)  
  33  3:46  Forge, Probe (Chrono Boost)  
  34  3:49  Stalker  
  36  3:58  Probe (Chrono Boost)  
  37  4:09  Probe (Chrono Boost)  
  38  4:12  Adept  
  40  4:31  Adept  
  42  4:49  Adept  
  44  6:42  Stalker  
  44  6:44  Photon Cannon, Probe (Chrono Boost)  
  47  6:47  Pylon  
  47  6:48  Photon Cannon  
  47  6:51  Robotics Facility  
  47  6:54  Stargate, Nexus  
  47  6:56  Sentry, Twilight Council  
  47  7:01  Gateway  
  49  7:03  Forge  
  49  7:08  Pylon  
  49  7:09  Stalker  
  51  7:23  Stalker  
Tags
 
Composition
MMM Bio
League
Silver
Matchup
PvT
Spawn Locations
Cross Positions
Add a new tag
Caveats
  • Supply blocks, unpowered buildings, or Contaminate may cause inaccurate times.
  • Supply counts are checked every 10 seconds.